 Dungeon Crawl Stone Soup version 0.19.1 (webtiles) character file.

265 HeyBub the Skirmisher (level 5, 0/47 HPs)
             Began as a Minotaur Fighter on Dec 12, 2016.
             Was a Follower of Okawaru.
             Slain by a gnoll
             ... wielding a +0 spear
              (2 damage)
             ... on level 4 of the Dungeon.
             The game lasted 00:04:05 (1712 turns).

HeyBub the Skirmisher (Minotaur Fighter)            Turns: 1712, Time: 00:04:05

Health: 0/47       AC:  7    Str: 27    XL:     5   Next: 99%
Magic:  4/4        EV:  8    Int:  5    God:    Okawaru [*.....]
Gold:   95         SH: 10    Dex:  9    Spells: 0 memorised, 4 levels left

rFire  . . .     SeeInvis .     a - +0 war axe
rCold  . . .     Gourm    .     b - +0 scale mail
rNeg   . . .     Faith    .     c - +0 shield
rPois  .         Spirit   .     (helmet restricted)
rElec  .         Reflect  .     (no cloak)
rCorr  .         Harm     .     (no gloves)
MR     .....                    (no boots)
Stlth  ..........               (no amulet)
                                (no ring)
                                (no ring)

@: mighty, hasted, glowing, very quick
A: retaliatory headbutt, horns 2
a: Heroism, Renounce Religion


You were on level 4 of the Dungeon.
You worshipped Okawaru.
Okawaru was aware of your devotion.
You were not hungry.

You visited 1 branch of the dungeon, and saw 4 of its levels.

You collected 95 gold pieces.

Inventory:

Hand Weapons
 a - a +0 war axe (weapon)
Missiles
 j - a steel tomahawk (quivered)
Armour
 b - a +0 scale mail (worn)
 c - a +0 shield (worn)
 e - a +0 cloak
Jewellery
 p - an uncursed ring of fire {unknown}
 u - a cursed ring of teleportation {unknown}
Scrolls
 h - 2 scrolls of magic mapping {unknown}
 i - a scroll of random uselessness {unknown}
 m - a scroll of fog {unknown}
 n - 5 scrolls of identify {unknown}
 q - 2 scrolls of amnesia {unknown}
 r - a scroll of remove curse {unknown}
 v - a scroll of enchant armour {unknown}
Potions
 d - a potion of might
 k - a potion of degeneration {unknown}
Comestibles
 o - 3 meat rations
 s - a slice of pizza
 t - a fruit


   Skills:
 + Level 4.9 Fighting
 + Level 4.2 Axes
 + Level 0.6 Throwing
 + Level 4.8 Armour
 + Level 1.6 Dodging
 + Level 0.1 Stealth
 + Level 4.9 Shields


You had 4 spell levels left.
You didn't know any spells.

Dungeon Overview and Level Annotations

Branches:
Dungeon (4/15)
 Temple: D:4-7

Altars:
Dithmenos
Fedhas
Okawaru


Innate Abilities, Weirdness & Mutations

You reflexively headbutt those who attack you in melee.
You have a pair of horns on your head.


Message History

You kill the gnoll!
Okawaru accepts your kill.
You can now gain great but temporary skills.
You block the gnoll's attack. x2
The gnoll hits you from afar with a spear.
* * * LOW HITPOINT WARNING * * *
The gnoll hits you from afar with a spear!
* * * LOW HITPOINT WARNING * * *
The gnoll hits you with a spear.
* * * LOW HITPOINT WARNING * * *
You block the gnoll's attack.
Things that are here:
a whip of pain; a gnoll corpse You completely miss the gnoll.
Your headbutt misses the gnoll.
Your shield and scale mail prevent you from hitting the gnoll.
You block the gnoll's attack. The gnoll hits you with a spear.
* * * LOW HITPOINT WARNING * * *
It was a potion of haste.
You feel yourself speed up. The gnoll hits you with a spear.
You die...

...###############
.......<.)........
....$...g@).......
.........g........
..................
..$...............
........".........
......[...........
...########.......
......


You could see 2 gnolls.

Vanquished Creatures
  A gnoll shaman (D:4)
  An orc wizard (D:3)
  An iguana (D:4)
  3 gnolls (D:4)
  5 adders
  3 oozes (D:1)
  3 worms (D:2)
  4 dart slugs
  4 leopard geckos
  7 bats
  2 giant cockroaches
  9 goblins
  11 hobgoblins
  6 jackals
  A quokka (D:2)
  A ball python (D:3)
  A frilled lizard (D:3)
  7 kobolds
  8 rats
78 creatures vanquished.

Notes
Turn   | Place    | Note
-------+----------+-------------------------------------------
     0 | D:1      | HeyBub the Minotaur Fighter began the quest for the Orb.
     0 | D:1      | Reached XP level 1. HP: 19/19 MP: 0/0
    74 | D:1      | Reached XP level 2. HP: 20/27 MP: 1/1
   211 | D:1      | Reached XP level 3. HP: 30/33 MP: 2/2
   566 | D:2      | Reached XP level 4. HP: 28/41 MP: 3/3
   631 | D:2      | Found a faded altar of an unknown god.
   703 | D:2      | Found a shadowy altar of Dithmenos.
   703 | D:2      | Found an iron altar of Okawaru.
   707 | D:2      | Became a worshipper of Warmaster Okawaru
   915 | D:2      | Found a blossoming altar of Fedhas.
   991 | D:2      | Reached skill level 1 in Dodging
  1191 | D:3      | Reached XP level 5. HP: 42/47 MP: 4/4
  1709 | D:4      | Reached * piety under Okawaru
  1711 | D:4      | HP: 2/47 [gnoll/spear (2)]
  1712 | D:4      | Slain by a gnoll

Skill      XL: |  1  2  3  4  5 |
---------------+----------------+-----
Fighting       | 4 |  4.9
Armour         | 4 |  4.8
Axes           | 3 4 |  4.2
Shields        | 4 |  4.9
Dodging        | 1 |  1.6
Throwing       | |  0.6
Stealth        | |  0.1

Action                   |  1- 3 |  4- 6 || total
-------------------------+-------+-------++-------
Melee: War axe           |    67 |   116 ||   183
       Headbutt          |    10 |    17 ||    27
Throw: Tomahawk          |    15 |     3 ||    18
  Use: Potion            |       |     5 ||     5
  Eat: Bread ration      |       |     1 ||     1
Armor: Scale mail        |    34 |    57 ||    91
Dodge: Dodged            |    15 |    48 ||    63
Block: Shield            |    37 |    93 ||   130
